[Event "Titled Tuesday Blitz November 22 Late 2022"]
[White "Kravtsiv, Martyn"]
[Black "Klenburg, Michael"]
[WhiteFideId "14113147"]
[BlackFideId "14102072"]
[WhiteElo "2694"]
[BlackElo "2405"]
[Result "1-0"]
[Round "01"]
[TimeControl "180+1"]
[Date "2022.11.23"]
[WhiteClock "0:00:54"]
[BlackClock "0:00:07"]

1. e4 d6 2. d4 Nf6 3. Nc3 g6 4. Bf4 c6 5. Nf3 Bg7 6. Qd2 O-O 7. O-O-O Bg4 8. Be2 Nbd7 9. h3 Bxf3 10. Bxf3 e5 11. dxe5 dxe5 12. Be3 Qe7 13. Qd6 Qxd6 14. Rxd6 Rfe8 15. Rhd1 Re7 16. Be2 Kf8 17. a4 Ke8 18. a5 a6 19. g4 Nf8 20. g5 N6d7 21. Na4 Rb8 22. Ba7 Rc8 23. Bg4 Ne6 24. Be3 Ndf8 25. Nb6 Rd8 26. Rxd8+ Nxd8 27. Nc8 Rc7 28. Bb6 Rxc8 29. Bxc8 Nfe6 30. Rd7 Bf8 31. c3 Be7 32. h4 Bf8 33. b4 Be7 34. Kb2 Bf8 35. Kb3 h6 36. Rxb7 Nxb7 37. Bxb7 Kd7 38. Bxa6 hxg5 39. hxg5 Nxg5 40. Bb7 Bd6 41. a6 Bb8 42. a7 Bxa7 43. Bxa7 Nxe4 44. Ba6 Nd6 45. Bc5 Ne4 46. Be3 f5 47. Bd3 Nd6 48. Bc5 Nb7 49. Kc4 e4 50. Bc2 Nd8 51. Kd4 Ke6 52. Bb3+ Kf6 53. Bd6 g5 54. Bc7 Nb7 55. Bc4 1-0


[Site "https://www.chess.com"]

[Event "Titled Tuesday Blitz November 22 Late 2022"]
[White "Krzywda, Andrzej"]
[Black "Wieczorek, Oskar"]
[WhiteFideId "1114565"]
[BlackFideId "1133950"]
[WhiteElo "2149"]
[BlackElo "2404"]
[Result "0-1"]
[Round "01"]
[TimeControl "180+1"]
[Date "2022.11.23"]
[WhiteClock "0:00:02"]
[BlackClock "0:00:17"]

1. d4 Nf6 2. c4 c5 3. d5 b5 4. cxb5 a6 5. e3 axb5 6. Bxb5 Qa5+ 7. Nc3 Bb7 8. Bd2 Qb6 9. a4 Nxd5 10. Nf3 e6 11. O-O Be7 12. Ne5 Qc7 13. Nc4 O-O 14. Re1 Nb4 15. e4 N8c6 16. Be3 Nd4 17. Rc1 e5 18. Bxd4 exd4 19. Nd5 Nxd5 20. exd5 Bd6 21. Qh5 g6 22. Qf3 Bxh2+ 23. Kh1 Bf4 24. Rcd1 Rae8 25. a5 Bh6 26. a6 Ba8 27. g3 Rb8 28. Ba4 Rb4 29. b3 Qc8 30. Kh2 Rxa4 31. bxa4 Qxa6 32. Ne5 Qd6 33. Ng4 Bg7 34. Qb3 f5 0-1


[Site "https://www.chess.com"]

[Event "Titled Tuesday Blitz November 22 Late 2022"]
[White "Kulkarni, Rakesh"]
[Black "Hardaway, Brewington"]
[WhiteFideId "5037077"]
[BlackFideId "30941849"]
[WhiteElo "2246"]
[BlackElo "2159"]
[Result "1-0"]
[Round "01"]
[TimeControl "180+1"]
[Date "2022.11.23"]
[WhiteClock "0:01:23"]
[BlackClock "0:00:19"]

1. e4 c5 2. c3 Nf6 3. e5 Nd5 4. d4 cxd4 5. Nf3 Nc6 6. cxd4 d6 7. Bc4 e6 8. O-O Be7 9. Qe2 O-O 10. Nc3 Nxc3 11. bxc3 dxe5 12. dxe5 Qa5 13. Bd2 b6 14. Bb5 Bb7 15. a3 a6 16. c4 axb5 17. Bxa5 Nxa5 18. cxb5 Nb3 19. Rad1 Bd5 20. Rxd5 exd5 21. e6 f6 22. Qd3 Nc5 23. Qxd5 Rxa3 24. h4 Raa8 25. Qc6 Rab8 26. Rd1 Rfc8 27. Nd4 Rxc6 28. Nxc6 Rb7 29. Nxe7+ Kf8 30. Nc6 Nxe6 31. Rd6 Nc5 32. h5 Kf7 33. Nd8+ Ke7 34. Nxb7 Nxb7 35. Rxb6 Nd6 36. h6 gxh6 37. Rb8 Kd7 38. Kh2 Kc7 39. Rh8 Nxb5 40. Rxh7+ Kd6 41. Rxh6 Ke6 42. Rh8 Nd4 43. Ra8 Kf5 44. Kg3 Kg6 45. f3 Nf5+ 46. Kf2 Nd6 47. g4 f5 48. Ra6 Kg5 49. Rxd6 fxg4 50. fxg4 Kf4 51. Rd4+ Kg5 52. Kf3 1-0


[Site "https://www.chess.com"]

[Event "Titled Tuesday Blitz November 22 Late 2022"]
[White "Lashkin, Jegor"]
[Black "Ferreira, Vitor Hugo Vieira"]
[WhiteFideId "13907808"]
[BlackFideId "2119765"]
[WhiteElo "2368"]
[BlackElo "2168"]
[Result "1/2-1/2"]
[Round "01"]
[TimeControl "180+1"]
[Date "2022.11.23"]
[WhiteClock "0:00:13"]
[BlackClock "0:00:27"]

1. Nf3 d5 2. g3 Bg4 3. Bg2 Nd7 4. c4 e6 5. O-O Ngf6 6. d3 c6 7. h3 Bh5 8. cxd5 exd5 9. Nc3 Be7 10. e4 dxe4 11. dxe4 O-O 12. Qc2 Bg6 13. Nh4 Re8 14. Be3 Bc5 15. Bxc5 Nxc5 16. Rad1 Qb6 17. Rfe1 Rad8 18. Rxd8 Rxd8 19. Nxg6 hxg6 20. e5 Nfd7 21. h4 Ne6 22. Kh2 Qd4 23. f4 Nxf4 24. gxf4 Qxf4+ 25. Kg1 Nxe5 26. Qe4 Qxe4 27. Nxe4 Rd4 28. Nc5 f6 29. Nxb7 Rxh4 30. Re4 Rxe4 31. Bxe4 f5 32. Bg2 Kf8 33. Na5 c5 34. Nb7 c4 35. Na5 f4 36. Bf1 g5 37. Nxc4 Nf3+ 38. Kf2 g4 39. Be2 Nh2 40. Ne5 g3+ 41. Kg2 g5 42. b4 Ke7 43. Nc6+ Kd6 44. Nxa7 g4 45. Bd1 Kd5 46. b5 Ke4 47. b6 Ke3 48. b7 f3+ 49. Kxg3 f2 50. b8=Q f1=Q 51. Qb6+ Kd2 52. Qd4+ Kc1 53. Kxh2 Qxd1 54. Qxd1+ Kxd1 55. a4 Ke2 56. Kg3 Kd3 57. a5 Kc4 58. a6 Kc5 59. Nb5 Kb6 60. a7 Kb7 61. Kxg4 Ka8 62. Kf4 Kb7 63. Ke4 Ka8 64. Kd5 Kb7 65. Kc5 Ka8 66. Kb4 Kb7 67. Ka5 Ka8 68. Ka4 Kb7 69. Kb4 Ka8 70. Kc5 Kb7 71. Kd6 Ka8 72. Kd7 Kb7 73. Ke7 Ka8 74. Kd6 Kb7 75. Ke5 Ka8 76. Ke4 Kb7 77. Kd3 Ka8 78. Kc3 Kb7 79. Kd2 Ka8 80. Kc2 Kb7 81. Kb3 Ka8 82. Kb4 Kb7 83. Ka4 Ka8 84. Nd4 Kxa7 1/2-1/2


[Site "https://www.chess.com"]

[Event "Titled Tuesday Blitz November 22 Late 2022"]
[White "Liu, Kelsey"]
[Black "Gritsenko, Nikolai"]
[WhiteFideId "30944481"]
[BlackFideId "14112493"]
[WhiteElo "2323"]
[BlackElo "2389"]
[Result "1/2-1/2"]
[Round "01"]
[TimeControl "180+1"]
[Date "2022.11.23"]
[WhiteClock "0:00:43"]
[BlackClock "0:00:27"]

1. e4 d6 2. d4 Nf6 3. Nc3 g6 4. Bf4 Bg7 5. Qd2 Nbd7 6. Nf3 c5 7. O-O-O cxd4 8. Nxd4 O-O 9. Bh6 Bh8 10. Bxf8 Qxf8 11. h4 h5 12. Be2 Nc5 13. f3 Bg7 14. Kb1 a6 15. Rdg1 b5 16. a3 Bh6 17. Qd1 Be3 18. Re1 Bh6 19. Rhg1 Be3 20. Rh1 Bh6 21. Rhg1 Be3 22. Rh1 1/2-1/2


[Site "https://www.chess.com"]

[Event "Titled Tuesday Blitz November 22 Late 2022"]
[White "Lizak, Peter"]
[Black "Ardila, Oscar Humberto"]
[WhiteFideId "731595"]
[BlackFideId "4404742"]
[WhiteElo "2420"]
[BlackElo "1959"]
[Result "1-0"]
[Round "01"]
[TimeControl "180+1"]
[Date "2022.11.23"]
[WhiteClock "0:01:14"]
[BlackClock "0:00:04"]

1. d4 Nf6 2. Nc3 e6 3. Bf4 Be7 4. e3 O-O 5. Bd3 d6 6. e4 Nbd7 7. e5 Ne8 8. Nf3 f5 9. Qd2 dxe5 10. Nxe5 Nxe5 11. Bxe5 Bf6 12. O-O-O Bxe5 13. dxe5 Qe7 14. Ne2 Bd7 15. h4 Bc6 16. f3 Rd8 17. Qg5 Qxg5+ 18. hxg5 g6 19. Nf4 Ng7 20. Bc4 Rxd1+ 21. Rxd1 Re8 22. b4 a6 23. Kb2 Kf7 24. Kb3 Ke7 25. a4 b5 26. axb5 axb5 27. Be2 Rd8 28. Rxd8 Kxd8 29. Kc3 Ke7 30. Kd4 Bd7 31. Kc5 c6 32. Kb6 Ne8 33. c3 Kd8 34. Bd1 Ke7 35. Bb3 Ng7 36. Kc7 Ne8+ 37. Kb8 Ng7 38. Bd1 Kd8 39. Kb7 Ke7 40. Kb6 Kd8 41. Nd3 Ne8 42. Nc5 Ke7 43. f4 Kd8 44. Bf3 Ke7 45. Nxd7 Kxd7 46. Bxc6+ Ke7 47. Bxe8 Kxe8 48. Kxb5 1-0


[Site "https://www.chess.com"]

[Event "Titled Tuesday Blitz November 22 Late 2022"]
[White "Lobanov, Sergei"]
[Black "Przybylski, Wojciech"]
[WhiteFideId "24183750"]
[BlackFideId "1117599"]
[WhiteElo "2510"]
[BlackElo "2221"]
[Result "1-0"]
[Round "01"]
[TimeControl "180+1"]
[Date "2022.11.23"]
[WhiteClock "0:00:01"]
[BlackClock "0:00:02"]

1. e4 e5 2. Nf3 Nc6 3. Bb5 Nf6 4. d3 d6 5. O-O Be7 6. c3 O-O 7. Re1 Bg4 8. h3 Bh5 9. Nbd2 Nb8 10. Nf1 c6 11. Ba4 Nbd7 12. Ng3 Bg6 13. Nh4 Re8 14. Ngf5 Bf8 15. Qf3 Nc5 16. Bc2 Ne6 17. a4 a5 18. Be3 d5 19. Rad1 Qc7 20. Bc1 Rad8 21. Ne3 Nf4 22. Ng4 Nxg4 23. hxg4 dxe4 24. dxe4 Bc5 25. Nf5 Ne6 26. g5 Nf4 27. Rxd8 Rxd8 28. Kh2 Bh5 29. Qg3 Qb6 30. Ne3 Qc7 31. Qh4 Bg6 32. g3 Ne6 33. Kg2 Qb6 34. Qg4 Re8 35. Rd1 Qc7 36. Bb3 Bf8 37. Ba2 Nc5 38. Nf5 Nxa4 39. Rd7 Qc8 40. Nh4 Nc5 41. Nxg6 Qxd7 42. Qxd7 Nxd7 43. Nh4 Nc5 44. f3 Nd3 45. Be3 Nxb2 46. Nf5 Na4 47. c4 Nc3 48. Bb3 a4 49. Bc2 a3 50. Bd2 Bb4 51. Bb3 a2 52. Bxc3 Bxc3 53. Bxa2 Rd8 54. Bb3 Rd2+ 55. Kh3 Kf8 56. c5 Bb4 57. Nd6 Bxc5 58. Nxb7 Be7 59. Na5 Rd3 60. Kg4 Bb4 61. Bc4 Rd6 62. Nb3 f6 63. gxf6 Rxf6 64. Bd3 Be7 65. Bc4 Rg6+ 66. Kh3 Rh6+ 67. Kg2 Rd6 68. Na5 Rd4 69. Be6 Rd6 70. Bc4 Rd2+ 71. Kh3 c5 72. Bd5 h5 73. Nc4 1-0


[Site "https://www.chess.com"]

[Event "Titled Tuesday Blitz November 22 Late 2022"]
[White "Lopez Gracia, Fernando"]
[Black "Steinberg, Nitzan"]
[WhiteFideId "2207184"]
[BlackFideId "2801795"]
[WhiteElo "2478"]
[BlackElo "2491"]
[Result "0-1"]
[Round "01"]
[TimeControl "180+1"]
[Date "2022.11.23"]
[WhiteClock "0:00:32"]
[BlackClock "0:01:19"]

1. c4 Nf6 2. Nc3 g6 3. e4 d6 4. d3 Bg7 5. g3 c5 6. Bg2 Nc6 7. Nge2 O-O 8. O-O Ne8 9. h3 Nc7 10. Be3 Ne6 11. Qd2 Ned4 12. f4 Rb8 13. Kh2 a6 14. Rac1 b5 15. b3 Qa5 16. Rf2 Bb7 17. Nd5 Qxd2 18. Bxd2 Rfe8 19. Be3 b4 20. Bd2 a5 21. Rcf1 Nxe2 22. Rxe2 Nd4 23. Ree1 Bc6 24. Be3 Nc2 25. Re2 Nxe3 26. Rxe3 a4 27. f5 Bd4 28. Ref3 f6 29. fxg6 hxg6 30. h4 Kg7 31. Bh3 Rh8 32. Nc7 Be5 33. Kg2 Rb7 34. Ne6+ Kf7 35. Ng5+ Ke8 36. Ne6 Ra7 37. Nf4 Kf7 38. Be6+ Kg7 39. Bd5 Bd7 40. Be6 Be8 41. Nd5 Kf8 42. Kh3 axb3 43. axb3 Ra3 44. Rb1 g5 45. Kg4 Bh5+ 0-1


[Site "https://www.chess.com"]

[Event "Titled Tuesday Blitz November 22 Late 2022"]
[White "Lopez Mulet, Inigo"]
[Black "Boruchovsky, Avital"]
[WhiteFideId "22235620"]
[BlackFideId "2800055"]
[WhiteElo "2289"]
[BlackElo "2458"]
[Result "0-1"]
[Round "01"]
[TimeControl "180+1"]
[Date "2022.11.23"]
[WhiteClock "0:01:26"]
[BlackClock "0:01:58"]

1. d4 Nf6 2. c4 g6 3. f3 c5 4. d5 b6 5. Nc3 Bg7 6. e4 O-O 7. h4 d6 8. g4 e6 9. h5 exd5 10. cxd5 Ba6 11. hxg6 fxg6 12. Bxa6 Nxa6 13. Nge2 Nc7 14. Bg5 Qe8 15. Qd2 Nd7 16. f4 Nf6 17. Bxf6 Rxf6 18. f5 b5 19. g5 Rf7 20. f6 Bf8 21. Ng3 b4 22. Nce2 Qe5 23. O-O-O a5 24. Qf4 Re8 25. Qxe5 Rxe5 26. Nf4 Rxg5 27. Rhg1 Bh6 28. Kc2 Rxg3 29. Ne6 Rxg1 30. Rxg1 Nxe6 31. dxe6 Rxf6 0-1


[Site "https://www.chess.com"]

[Event "Titled Tuesday Blitz November 22 Late 2022"]
[White "Madaminov, Mukhiddin"]
[Black "Khater, Sherif"]
[WhiteFideId "14210703"]
[BlackFideId "2034280"]
[WhiteElo "2341"]
[BlackElo "2474"]
[Result "0-1"]
[Round "01"]
[TimeControl "180+1"]
[Date "2022.11.23"]
[WhiteClock "0:00:29"]
[BlackClock "0:01:05"]

1. d4 d5 2. Nc3 Nf6 3. Bf4 c6 4. e3 Bf5 5. f3 e6 6. g4 Bg6 7. h4 h6 8. Bd3 Bxd3 9. Qxd3 Nbd7 10. Nge2 Qa5 11. O-O-O Nb6 12. g5 Nc4 13. Kb1 Nd7 14. b3 Na3+ 15. Kb2 Nb6 16. Ka1 Bb4 17. gxh6 gxh6 18. Rhg1 O-O-O 19. Rg7 Rdg8 20. Rdg1 Rxg7 21. Rxg7 Nbc4 22. Rxf7 Rg8 23. Rc7+ Kd8 24. Rxb7 Rg1+ 25. Nd1 Rxd1+ 26. Qxd1 Bc3+ 0-1


[Site "https://www.chess.com"]

[Event "Titled Tuesday Blitz November 22 Late 2022"]
[White "Makridis, Dimitrios"]
[Black "Walentukiewicz, Michal"]
[WhiteFideId "25864475"]
[BlackFideId "1126903"]
[WhiteElo "2272"]
[BlackElo "2026"]
[Result "1-0"]
[Round "01"]
[TimeControl "180+1"]
[Date "2022.11.23"]
[WhiteClock "0:01:12"]
[BlackClock "0:01:59"]

1. e4 g6 2. d4 Bg7 3. Nc3 c5 4. dxc5 Qa5 5. Bd2 Qxc5 6. Nd5 b6 7. Nf3 Nf6 8. Bc3 Nxe4 9. Bd4 Bxd4 10. Qxd4 Qxd4 11. Nxd4 Kd8 12. f3 Nc5 13. O-O-O Ne6 14. Bc4 Nxd4 15. Rxd4 e6 16. Ne3 d5 17. Bb3 Nc6 18. Rd2 Kc7 19. Rhd1 Bb7 20. f4 Na5 21. c4 Nxb3+ 22. axb3 Rad8 23. cxd5 Bxd5 24. Nxd5+ exd5 25. Rxd5 Rxd5 26. Rxd5 Rd8 27. Re5 Kd6 28. g3 Rc8+ 29. Kd2 f6 30. Re1 Rc5 31. b4 Rc4 32. Ra1 Rxb4 33. Kc3 Re4 34. Rxa7 h5 35. Rg7 Re2 36. h4 Re3+ 37. Kd2 Rxg3 38. f5 Ke5 39. fxg6 Kf5 40. Rb7 Rxg6 41. Rxb6 Rg4 42. b4 Rxh4 43. b5 Rh1 44. Rb8 h4 45. Kc2 h3 46. b6 h2 47. Rh8 Ra1 48. b7 Ra2+ 49. Kb1 1-0


[Site "https://www.chess.com"]

[Event "Titled Tuesday Blitz November 22 Late 2022"]
[White "Martinez Alcantara, Jose Eduardo"]
[Black "Ribeiro, Matheus Mendes Domingues"]
[WhiteFideId "3805662"]
[BlackFideId "324226923"]
[WhiteElo "2705"]
[BlackElo "2098"]
[Result "1-0"]
[Round "01"]
[TimeControl "180+1"]
[Date "2022.11.22"]
[WhiteClock "0:01:15"]
[BlackClock "0:00:02"]

1. e4 c5 2. Nf3 e6 3. c3 Nc6 4. d4 cxd4 5. cxd4 d5 6. e5 Nge7 7. Nc3 Nf5 8. Bb5 a6 9. Ba4 Bd7 10. O-O Be7 11. Bc2 g6 12. a3 h5 13. g3 Qc7 14. Bxf5 gxf5 15. Bg5 Bxg5 16. Nxg5 Qb6 17. Ne2 h4 18. b4 hxg3 19. hxg3 a5 20. Rb1 axb4 21. axb4 Ra2 22. b5 Na5 23. Nc3 Ra3 24. Na4 Qd8 25. Nf3 Nc4 26. Nc5 b6 27. Nd3 Qe7 28. Kg2 Ra2 29. Qe1 Qa3 30. Rd1 Bxb5 31. Rg1 Nb2 32. Nxb2 Qxb2 33. Rd2 Qa3 34. Rxa2 Qxa2 35. Qb4 Qc4 36. Qd6 Bd7 37. Qb8+ Qc8 38. Qxb6 Qc6 39. Qb8+ Qc8 40. Qb2 O-O 41. Qd2 f6 42. Qh6 fxe5 43. Rh1 Kf7 44. Nxe5+ Ke7 45. Qg7+ Kd6 46. Rc1 Rg8 47. Qf7 Qxc1 48. Qxd7# 1-0


[Site "https://www.chess.com"]

[Event "Titled Tuesday Blitz November 22 Late 2022"]
[White "Martinez Reyes, Pedro Ramon"]
[Black "Paiva, Henrique M A Albergaria"]
[WhiteFideId "3901807"]
[BlackFideId "1920995"]
[WhiteElo "2354"]
[BlackElo "1953"]
[Result "0-1"]
[Round "01"]
[TimeControl "180+1"]
[Date "2022.11.23"]
[WhiteClock "0:00:16"]
[BlackClock "0:00:26"]

1. b3 e5 2. Bb2 Nc6 3. e3 Nf6 4. Bb5 Bd6 5. Na3 Na5 6. Be2 a6 7. c4 Nc6 8. Nc2 O-O 9. d3 Re8 10. Nf3 Bf8 11. O-O d6 12. a3 g6 13. b4 Bg7 14. Nd2 Bf5 15. Nb3 h5 16. a4 e4 17. d4 Ne7 18. d5 Bd7 19. Ncd4 Nf5 20. Nxf5 Bxf5 21. Bd4 Qd7 22. Qd2 h4 23. Qc3 Qe7 24. h3 Kh7 25. Rfd1 Rg8 26. b5 b6 27. bxa6 Rxa6 28. a5 bxa5 29. Nxa5 g5 30. c5 Rxa5 31. Qxa5 g4 32. cxd6 cxd6 33. Qa7 Nd7 34. Bxg7 Rxg7 35. hxg4 Bxg4 36. Bxg4 Rxg4 37. Qa6 Ne5 38. Kh2 Qf6 39. Qf1 Rg5 40. Ra4 Rf5 41. Rxe4 Rxf2 42. Qg1 Qf5 43. Rf4 Rxf4 44. exf4 Ng4+ 45. Kh1 Qxf4 46. Rf1 Qg3 47. Rf3 Qe5 48. Rh3 Kg6 49. Rxh4 Qg3 50. Rh3 Nf2+ 51. Qxf2 Qxf2 52. Rf3 Qxf3 53. gxf3 Kf5 54. Kg2 Ke5 55. Kg3 Kxd5 56. Kf4 Ke6 57. Ke4 f5+ 58. Kd4 d5 59. f4 Kd6 60. Kd3 Kc5 61. Kc3 d4+ 62. Kd3 Kd5 63. Ke2 Ke4 64. Kd2 Kxf4 65. Kd3 Ke5 66. Ke2 Ke4 67. Kf2 f4 68. Ke2 f3+ 69. Kf2 Kf4 70. Ke1 Ke3 71. Kf1 d3 72. Ke1 f2+ 73. Kf1 d2 74. Kg2 Ke2 75. Kh2 f1=Q 76. Kg3 Qf5 77. Kh2 Qg4 78. Kh1 d1=Q+ 79. Kh2 Qdg1# 0-1


[Site "https://www.chess.com"]

[Event "Titled Tuesday Blitz November 22 Late 2022"]
[White "Mgeladze, Tamaz"]
[Black "Rubio Tent, Francisco"]
[WhiteFideId "13601202"]
[BlackFideId "2238233"]
[WhiteElo "2288"]
[BlackElo "2211"]
[Result "1-0"]
[Round "01"]
[TimeControl "180+1"]
[Date "2022.11.23"]
[WhiteClock "0:01:36"]
[BlackClock "0:00:11"]

1. c4 c6 2. Nf3 d5 3. g3 Nf6 4. Bg2 g6 5. Qb3 Bg7 6. O-O O-O 7. d3 Nbd7 8. cxd5 cxd5 9. d4 Nb6 10. Nc3 e6 11. Bf4 Nc4 12. Ne5 Nxe5 13. Bxe5 a6 14. Rac1 b5 15. e4 dxe4 16. Nxe4 Nxe4 17. Bxe4 Ra7 18. Bxg7 Kxg7 19. Rfd1 Bb7 20. Bxb7 Rxb7 21. d5 exd5 22. Rxd5 Rd7 23. Rcd1 Rxd5 24. Rxd5 Qe7 25. Qc3+ Kg8 26. Qd4 Re8 27. Rd6 a5 28. Rd5 Qe6 29. a3 Qc6 30. Qc5 Qxc5 31. Rxc5 Rb8 32. b4 axb4 33. axb4 Kf8 34. g4 h6 35. h4 Rb7 36. Kg2 Ke7 37. h5 Kf6 38. f4 Rb6 39. Kf3 Ke6 40. Ke4 Kd6 41. g5 hxg5 42. h6 gxf4 43. Rc8 f5+ 44. Kxf4 Kd7 45. h7 Kxc8 46. h8=Q+ Kb7 47. Qg7+ Ka6 48. Ke5 Rc6 49. Kd5 Rb6 50. Qc7 g5 51. Qc8+ Rb7 52. Kc6 1-0


[Site "https://www.chess.com"]

[Event "Titled Tuesday Blitz November 22 Late 2022"]
[White "Milosevic, Milos"]
[Black "Artemenko, Oleg"]
[WhiteFideId "964875"]
[BlackFideId "14201798"]
[WhiteElo "2321"]
[BlackElo "2287"]
[Result "0-1"]
[Round "01"]
[TimeControl "180+1"]
[Date "2022.11.23"]
[WhiteClock "0:00:08"]
[BlackClock "0:01:48"]

1. e4 e6 2. d4 d5 3. Nc3 Nf6 4. e5 Nfd7 5. f4 c5 6. Nf3 Nc6 7. Be3 Qb6 8. Na4 Qa5+ 9. c3 cxd4 10. b4 Nxb4 11. cxb4 Bxb4+ 12. Bd2 Bc3 13. Rc1 Bxd2+ 14. Nxd2 O-O 15. Bd3 b6 16. O-O Ba6 17. Bxa6 Qxa6 18. Nf3 d3 19. Nd4 d2 20. Rc7 Rfc8 21. Rxd7 Rc1 22. Qxc1 dxc1=Q 23. Rxc1 Qxa4 24. Nc6 Qxf4 25. Rf1 Qe3+ 26. Kh1 Rf8 27. Ne7+ Kh8 28. Nc6 h6 29. h3 f6 30. Nd8 Qd3 31. Rf3 Qd4 32. Nxe6 Qa1+ 33. Kh2 Qxe5+ 34. Nf4 g5 35. Rxd5 Qb8 36. h4 gxf4 37. h5 Rd8 38. Rf5 Kg7 39. Kh3 Rd4 40. Rc3 Qd6 41. Rc8 Qd7 42. Rc7 Qxc7 0-1


[Site "https://www.chess.com"]

[Event "Titled Tuesday Blitz November 22 Late 2022"]
[White "Miszler, Levente"]
[Black "Kamsky, Gata"]
[WhiteFideId "763276"]
[BlackFideId "2000024"]
[WhiteElo "2176"]
[BlackElo "2666"]
[Result "0-1"]
[Round "01"]
[TimeControl "180+1"]
[Date "2022.11.23"]
[WhiteClock "0:01:25"]
[BlackClock "0:01:44"]

1. Nf3 Nf6 2. c4 g6 3. g3 Bg7 4. Bg2 O-O 5. O-O c6 6. d4 d5 7. cxd5 cxd5 8. Nc3 e6 9. Bf4 Nc6 10. Rc1 Bd7 11. Ne5 Nxe5 12. Bxe5 Qb6 13. Qd3 Bc6 14. e4 dxe4 15. Nxe4 Nxe4 16. Bxe4 Bb5 17. Qc3 Bxe5 18. dxe5 Bxf1 19. Rxf1 Rac8 20. Qf3 Qxb2 21. Bxb7 Rc7 22. Be4 Qxe5 23. h4 Rfc8 24. Kg2 Rc1 25. Rxc1 Rxc1 26. Qd3 Kg7 27. Bf3 Qe1 28. Qd4+ e5 0-1


[Site "https://www.chess.com"]

[Event "Titled Tuesday Blitz November 22 Late 2022"]
[White "Novikova, Galina"]
[Black "Papasimakopoulos, Alexandros"]
[WhiteFideId "4157095"]
[BlackFideId "4244125"]
[WhiteElo "1973"]
[BlackElo "2365"]
[Result "0-1"]
[Round "01"]
[TimeControl "180+1"]
[Date "2022.11.23"]
[WhiteClock "0:01:52"]
[BlackClock "0:01:51"]

1. e4 e6 2. Nf3 d5 3. e5 c5 4. b4 c4 5. c3 a5 6. b5 Nd7 7. d3 cxd3 8. Bxd3 Ne7 9. O-O Ng6 10. Re1 b6 11. Bc2 Bb7 12. Nbd2 Qc7 13. Qe2 Qxc3 14. Nb3 Rc8 15. Bxg6 hxg6 16. Bf4 Qc4 17. Bg3 Qxe2 18. Rxe2 Nc5 19. Nbd4 Ne4 20. Bf4 Ba3 21. h3 Kd7 22. Ng5 Nxg5 23. Bxg5 Rc4 24. Rd1 Rhc8 25. Re3 Rc1 26. Rxc1 Bxc1 27. Kh2 Bxe3 0-1


[Site "https://www.chess.com"]

[Event "Titled Tuesday Blitz November 22 Late 2022"]
[White "Oganian, Miran"]
[Black "Pan, Kevin"]
[WhiteFideId "4122488"]
[BlackFideId "30915708"]
[WhiteElo "2323"]
[BlackElo "2233"]
[Result "1-0"]
[Round "01"]
[TimeControl "180+1"]
[Date "2022.11.23"]
[WhiteClock "0:01:04"]
[BlackClock "0:00:15"]

1. e4 e5 2. Nf3 Nc6 3. Nc3 Nf6 4. d4 exd4 5. Nxd4 Bb4 6. Nxc6 bxc6 7. Bd3 d5 8. exd5 cxd5 9. O-O O-O 10. h3 Be7 11. Qf3 c5 12. Bg5 Be6 13. Rad1 h6 14. Bh4 d4 15. Ne4 Nxe4 16. Qxe4 g6 17. Bxe7 Qxe7 18. Rfe1 Rfe8 19. Qf4 Rab8 20. Qxh6 Rxb2 21. Re4 Qf6 22. Rde1 Qg7 23. Qg5 Reb8 24. Bc4 Bxc4 25. Re8+ Kh7 26. Kh2 Be6 27. R1xe6 Qh6 28. Qf6 Qg7 29. Qh4+ Qh6 30. Qg3 R8b7 31. Re4 Kg7 32. Qe5+ f6 33. Qe7+ Rxe7 34. R4xe7# 1-0


[Site "https://www.chess.com"]

[Event "Titled Tuesday Blitz November 22 Late 2022"]
[White "Oparin, Grigoriy"]
[Black "Zhang, Derek"]
[WhiteFideId "24125890"]
[BlackFideId "2087871"]
[WhiteElo "2639"]
[BlackElo "2087"]
[Result "1/2-1/2"]
[Round "01"]
[TimeControl "180+1"]
[Date "2022.11.22"]
[WhiteClock "0:00:23"]
[BlackClock "0:00:20"]

1. Nf3 d6 2. g3 e5 3. d3 f5 4. c4 Nf6 5. Nc3 g6 6. Bg2 Bg7 7. O-O O-O 8. Rb1 a5 9. a3 c6 10. b4 axb4 11. axb4 Qc7 12. Bg5 Be6 13. b5 Nbd7 14. Qc2 Kh8 15. Rfc1 d5 16. Bxf6 Bxf6 17. bxc6 bxc6 18. cxd5 cxd5 19. Nb5 Qxc2 20. Rxc2 Rab8 21. Nd2 Rfc8 22. Rxc8+ Rxc8 23. e3 Rb8 24. Nc7 Rxb1+ 25. Nxb1 Nc5 26. Bxd5 Bxd5 27. Nxd5 Kg7 28. Nb4 Bd8 29. Kf1 Ba5 30. Nc6 Bc7 31. Ke2 Kf6 32. Nd2 Ke6 33. e4 Kd6 34. Nb4 Ke6 35. Nc6 Kd6 36. Nb4 Ke6 37. Nc2 Kf6 38. Ne3 Bd8 39. f3 Ne6 40. Nd5+ Kf7 41. Nc4 Nd4+ 42. Kf2 Ke6 43. Nc3 Nc6 44. Na4 Be7 45. h3 Nb4 46. Ke2 Nc6 47. Nc3 Nd4+ 48. Kf2 Nc6 49. g4 Bc5+ 50. Kg2 Nb4 51. Nb2 Bd4 52. Ncd1 fxg4 53. fxg4 Kd6 54. Kf3 Kc5 55. Ke2 Bxb2 56. Nxb2 Kd4 57. Kd2 g5 58. Ke2 Kc3 59. Nd1+ Kd4 60. Nf2 Kc3 61. Ke3 Nc2+ 62. Kf3 Nb4 63. Ke2 Kd4 64. Kd2 Nc6 65. Nd1 Nb4 66. Nb2 Nc6 67. Ke2 Nb4 68. Kd2 Nc6 69. Ke1 Kc3 70. Nd1+ Kxd3 71. Kf2 Kxe4 72. Ne3 Nd4 73. Nc4 Kf4 74. Ne3 e4 75. Nd5+ Ke5 76. Ne3 Ne6 77. Kg3 Nf4 78. h4 h6 79. hxg5 hxg5 80. Kf2 Nd5 81. Ng2 Kd4 82. Ke2 e3 83. Kf3 Kd3 84. Ne1+ Kd2 85. Ng2 e2 86. Kf2 Nf4 87. Ne1 Nd3+ 88. Nxd3 Kxd3 89. Ke1 Ke4 90. Kxe2 Kf4 91. Kf1 Kf3 92. Kg1 Kg3 93. Kh1 Kxg4 94. Kg2 Kh4 95. Kh2 g4 96. Kg2 g3 97. Kg1 Kh3 98. Kh1 g2+ 99. Kg1 Kg3 1/2-1/2


[Site "https://www.chess.com"]

[Event "Titled Tuesday Blitz November 22 Late 2022"]
[White "Osmak, Yuliia"]
[Black "Roque Sola, Jose Luis"]
[WhiteFideId "14101602"]
[BlackFideId "5120390"]
[WhiteElo "2328"]
[BlackElo "2117"]
[Result "1-0"]
[Round "01"]
[TimeControl "180+1"]
[Date "2022.11.23"]
[WhiteClock "0:01:59"]
[BlackClock "0:01:50"]

1. e4 e6 2. d4 d5 3. e5 c5 4. c3 Nc6 5. Nf3 Nge7 6. Bd3 cxd4 7. cxd4 Nf5 8. Bxf5 exf5 9. O-O Be7 10. Nc3 Be6 11. Be3 g5 12. Rc1 h6 13. Na4 Qd7 14. Nc5 Bxc5 15. Rxc5 Ke7 16. Qb3 b6 17. Rc3 Rag8 18. Rfc1 Rc8 19. Qa4 Na5 20. Qa3+ 1-0


[Site "https://www.chess.com"]

[Event "Titled Tuesday Blitz November 22 Late 2022"]
[White "Papp, Levente"]
[Black "Schut, Han"]
[WhiteFideId "751243"]
[BlackFideId "1005561"]
[WhiteElo "2380"]
[BlackElo "2024"]
[Result "1-0"]
[Round "01"]
[TimeControl "180+1"]
[Date "2022.11.23"]
[WhiteClock "0:00:41"]
[BlackClock "0:00:16"]

1. d4 Nf6 2. Nc3 d5 3. Bg5 e6 4. Qd2 Bb4 5. f3 c5 6. O-O-O cxd4 7. Qxd4 Nc6 8. Qd3 d4 9. Ne4 Qa5 10. a3 Nxe4 11. Qxe4 Qxg5+ 12. f4 Qe7 13. axb4 Qxb4 14. Nf3 Qa5 15. Nxd4 Nxd4 16. Qxd4 O-O 17. Kb1 b6 18. e3 Bb7 19. Bc4 g6 20. Rhg1 Rfd8 21. Qxd8+ Rxd8 22. Rxd8+ Kg7 23. Bb3 Be4 24. Rd4 Bc6 25. g4 b5 26. f5 exf5 27. gxf5 b4 28. Rd6 Qc5 29. f6+ Kh6 30. Rd4 g5 31. Bxf7 a5 32. h4 1-0


[Site "https://www.chess.com"]

[Event "Titled Tuesday Blitz November 22 Late 2022"]
[White "Paravyan, David"]
[Black "Pinheiro, Iung Alicio de O."]
[WhiteFideId "4194985"]
[BlackFideId "2104350"]
[WhiteElo "2546"]
[BlackElo "2283"]
[Result "1-0"]
[Round "01"]
[TimeControl "180+1"]
[Date "2022.11.22"]
[WhiteClock "0:01:48"]
[BlackClock "0:01:00"]

1. e4 c6 2. d4 d5 3. e5 Bf5 4. h4 h6 5. g4 Bd7 6. Nc3 Qc8 7. Bh3 e6 8. Nce2 c5 9. c3 Bb5 10. h5 Nc6 11. Nf3 Qc7 12. O-O cxd4 13. Nfxd4 Nxd4 14. Nxd4 Bxf1 15. Bxf1 a6 16. Qa4+ Kd8 17. Be3 Bc5 18. Nb5 Qc6 19. Bxc5 Qxc5 20. Nd6 Qc7 21. Qe8# 1-0


[Site "https://www.chess.com"]